 Dungeon Crawl Stone Soup version 0.29.1-13-g9f3cf754e1 (webtiles) character file.

Game seed: 16435073965894499487

7 theswoord the Charlatan (level 1, 0/15 HPs)
             Began as a Demonspawn Wanderer on Jan 23, 2023.
             Slain by a jackal (1 damage)
             ... on level 1 of the Dungeon.
             The game lasted 00:00:33 (84 turns).

theswoord the Charlatan (Demonspawn Wanderer)         Turns: 84, Time: 00:00:33

Health: 0/15       AC:  3    Str: 17    XL:     1   Next: 91%
Magic:  1/1        EV: 11    Int: 11    God:
Gold:   0          SH:  0    Dex:  9    Spells: 0/0 levels left

rFire   . . .      SeeInvis .   a - +0 sling
rCold   . . .      Faith    .   (no shield)
rNeg    . . .      Spirit   .   f - +0 leather armour
rPois   .          Reflect  .   (no helmet)
rElec   .          Harm     .   (no cloak)
rCorr   .          Rampage  .   (no gloves)
Will    .....                   (no boots)
Stlth   +.........              (no amulet)
HPRegen 0.05/turn               (no ring)
MPRegen 0.07/turn               (no ring)

@: no status effects
A: no striking features
a: no special abilities


You were on level 1 of the Dungeon.
You visited 1 branch of the dungeon, and saw 1 of its levels.

Inventory:

Hand Weapons
 a - a +0 sling (weapon)
Armour
 f - a +0 leather armour (worn)
Scrolls
 e - a scroll of fear
 g - a scroll of noise {unknown}
 h - a scroll of amnesia {unknown}
Potions
 b - a potion of invisibility
 c - a potion of haste
Miscellaneous
 d - a piece from Xom's chessboard (15/15) (quivered)


   Skills:
 - Level 1.0 Fighting
 + Level 2.4 Ranged Weapons
 - Level 1.0 Armour
 - Level 1.7 Unarmed Combat
 - Level 4.0 Evocations


You couldn't memorise any spells.
You didn't know any spells.
Your spell library was empty.

Dungeon Overview and Level Annotations

Branches:
Dungeon (1/15)

Altars:


Message History

The sling bullet closely misses the hobgoblin.
The jackal barely misses you. x2
You shoot a sling bullet. The sling bullet hits the jackal.
You kill the jackal!
The jackal barely misses you. The jackal bites you.
* * * LOW HITPOINT WARNING * * *
You shoot a sling bullet.
The sling bullet closely misses the hobgoblin.
The jackal bites you but does no damage.
The hobgoblin hits you but does no damage.
The jackal bites you but does no damage.
The hobgoblin hits you.
* * * LOW HITPOINT WARNING * * *
You shoot a sling bullet. The sling bullet hits the hobgoblin.
The hobgoblin is moderately wounded.
The jackal barely misses you. The hobgoblin hits you.
* * * LOW HITPOINT WARNING * * *
The jackal barely misses you.
You shoot a sling bullet.
The sling bullet barely misses the hobgoblin.
The jackal misses you. The hobgoblin closely misses you.
The jackal bites you but does no damage.
You shoot a sling bullet.
The sling bullet closely misses the hobgoblin.
The hobgoblin hits you but does no damage.
The jackal bites you but does no damage.
The hobgoblin barely misses you.
You shoot a sling bullet. The sling bullet hits the hobgoblin.
You kill the hobgoblin!
The jackal bites you.
* * * LOW HITPOINT WARNING * * *
The jackal bites you but does no damage.
You shoot a sling bullet.
The sling bullet barely misses the jackal.
The jackal barely misses you. x2
Unknown command.
You shoot a sling bullet.
The sling bullet hits the jackal but does no damage.
The jackal bites you.
You die...

##...##
#.###.....
##.....##
#.###♣♣...
##.......## #.#.#
♣♣..
#.........###...#
♣# ##.....## ###
##.@h## ##'## #.#
... #?# ... ...
...


You could see a jackal.

Vanquished Creatures
  A giant cockroach (D:1)
  A goblin (D:1)
  A hobgoblin (D:1)
  2 jackals (D:1)
  A frilled lizard (D:1)
6 creatures vanquished.

Notes
Turn   | Place    | Note
-------+----------+-------------------------------------------
     0 | D:1      | theswoord the Demonspawn Wanderer began the quest for the
                  | Orb.
     0 | D:1      | theswoord set off with the following items: a +0 sling, a
                  | potion of invisibility, a potion of haste, a piece from
                  | Xom's chessboard (15/15), a scroll of fear, a +0 leather
                  | armour.
     0 | D:1      | Reached XP level 1. HP: 15/15 MP: 1/1
    84 | D:1      | Slain by a jackal

Skill      XL: |  1 |
---------------+----+-----
Ranged Weapons | 2 |  2.4
Fighting       | |  1.0
Armour         | |  1.0
Unarmed Combat | |  1.7
Evocations     | |  4.0

Action                   || total
-------------------------++-------
 Fire: Sling             ||    25
Armor: Leather armour    ||    12
Dodge: Dodged            ||    24

Levels and vault maps discovered:
D:1:      kennysheep_arrival_seaside, layout_loops_corners,
          shapermc_ecumenical_altar_pompeii, corexii_corridor_pit
